 Dungeon Crawl Stone Soup version 0.28.0-45-g0d030f2227 (webtiles) character file.

Game seed: 16729008871776039743

22 pkoi the Insei (level 2, 0/24 HPs)
             Began as a Demigod Gladiator on Apr 10, 2022.
             Slain by a gnoll
             ... wielding a +0 spear
              (1 damage)
             ... on level 2 of the Dungeon.
             The game lasted 00:01:50 (1697 turns).

pkoi the Insei (Demigod Gladiator)                  Turns: 1697, Time: 00:01:51

Health: 0/24       AC:  4    Str: 15    XL:     2   Next: 51%
Magic:  3/4        EV: 12    Int: 10    God:
Gold:   27         SH:  0    Dex: 15    Spells: 0/1 levels left

rFire   . . .      SeeInvis .     - Unarmed
rCold   . . .      Faith    .   (no shield)
rNeg    . . .      Spirit   .   a - +0 leather armour
rPois   .          Reflect  .   b - +0 helmet
rElec   .          Harm     .   (no cloak)
rCorr   .          Rampage  .   (no gloves)
Will    .....                   (no boots)
Stlth   +.........              (no amulet)
HPRegen 0.08/turn               (no ring)
MPRegen 0.09/turn               (no ring)

@: lethally poisoned (0 -> -6), invisible
A: high MP 1, forlorn, divine attributes
a: no special abilities


You were on level 2 of the Dungeon.
You visited 1 branch of the dungeon, and saw 2 of its levels.

You collected 27 gold pieces.

Inventory:

Missiles
 c - 3 throwing nets (quivered)
 f - 4 javelins
Armour
 a - a +0 leather armour (worn)
 b - a +0 helmet (worn)
Scrolls
 d - a scroll of magic mapping {unknown}
Potions
 e - a potion of attraction {unknown}
 g - a potion of invisibility
 h - a potion of heal wounds {unknown}


   Skills:
 - Level 1.7 Fighting
 - Level 1.7 Throwing
 - Level 2.6 Dodging
 + Level 3.6 Unarmed Combat
 + Level 0.0 Spellcasting
 + Level 0.0 Air Magic


You couldn't memorise any spells.
You knew the following spells:

 Your Spells              Type           Power      Damage    Failure   Level
a - Shock                 Conj/Air       0%         1d3       43%         1

Your spell library contained the following spells:

 Spells                   Type           Power      Damage    Failure   Level
 Swiftness                Air            0%         N/A       80%         3
 Airstrike                Air            0%         N/A       99%         4


Dungeon Overview and Level Annotations

Branches:
Dungeon (2/15)


Innate Abilities, Weirdness & Mutations

You have an increased reservoir of magic. (+10% MP)
You shall have no god before yourself.
Your divine heritage dramatically boosts your attributes as you level up.


Message History

You kill the hobgoblin!
You see here a hobgoblin corpse.
You see here a +0 dagger.
Memorise Shock, consuming 1 spell level and leaving 0?
You start memorising the spell.
You continue memorising.
You finish memorising.
Spell assigned to 'a'.
You now have 27 gold pieces (gained 9).
You open the door. 4 gnolls come into view.
A gnoll is wielding a +2 spear of venom.
The gnoll shouts! x3
The gnoll barely misses you.
There are monsters nearby!
Casting: Shock (safe; 43% risk of failure)
Confirm with . or Enter, or press ? or * to list all spells.
Aiming: Shock (safe; 43% risk of failure)
Press: ? - help, Shift-Dir - straight line, f - gnoll
Aim: a gnoll, wielding a +0 spear (69% to hit)
The zap hits the gnoll.
The gnoll is lightly wounded.
The zap misses the gnoll.
The zap hits the gnoll.
The gnoll is moderately wounded.
The gnoll hits you from afar with a +2 spear of venom!
* * * LOW HITPOINT WARNING * * *
You are lethally poisoned!
Unknown command.
* * * LOW HITPOINT WARNING * * *
You feel very sick.
* * * LOW HITPOINT WARNING * * *
You feel very sick.
* * * LOW HITPOINT WARNING * * *
You feel very sick.
* * * LOW HITPOINT WARNING * * *
You feel sick. The gnoll barely misses you.
It was a potion of invisibility.
You fade into invisibility!
* * * LOW HITPOINT WARNING * * *
You feel sick.
The gnoll hits you from afar with a +0 spear.
You die...

##### #...# ♣.♣.#
##### #.#.######
..#### ##...#
♣.♣......#
......###....#
#.######'##
.....g'.#....##♣.♣
#...# #.#gg@..##.#
#...#
#.g...♣.♣#†##
#...#
##.#+#..#.).##
#...#
#.#.#♣.♣.♣..#
#.<.#
#...........#
#...#
##.#.♣.♣#♣#.#
##### .#.#.# #.#
.# ♣.♣ #.# .# ..#
#.#


You could see 3 gnolls.

Vanquished Creatures
  A dart slug (D:1)
  An endoplasm (D:1)
  2 goblins
  4 hobgoblins
  A quokka (D:1)
  4 ball pythons (D:1)
  A bat (D:1)
  5 frilled lizards (D:1)
  A kobold (D:1)
20 creatures vanquished.

Notes
Turn   | Place    | Note
-------+----------+-------------------------------------------
     0 | D:1      | pkoi the Demigod Gladiator began the quest for the Orb.
     0 | D:1      | Reached XP level 1. HP: 17/17 MP: 3/3
   216 | D:1      | Reached skill level 3 in Unarmed Combat
   847 | D:1      | Reached XP level 2. HP: 20/24 MP: 4/4
  1680 | D:2      | Learned a level 1 spell: Shock
  1697 | D:2      | HP: 1/24 [poisoned by a gnoll]
  1697 | D:2      | Slain by a gnoll

Illustrated notes

Levels and vault maps discovered:
D:1:      dpeg_arrival_shrine, layout_rooms, ebering_ecumenical_altar_abandoned,
          fountainhead
D:2:      layout_basic, serial_shops, nicolae_shop_waterfront, serial_forest,
          infiniplex_forest_straight_4, infiniplex_forest_corner_1,
          infiniplex_forest_end_2, infiniplex_forest_lined_1,
          infiniplex_forest_lined_3, infiniplex_forest_lined_3_way,
          infiniplex_forest_corner_1, infiniplex_forest_corner_1, uniq_terence,
          uniq_sigmund

Skill      XL: |  1 |
---------------+----+-----
Unarmed Combat | 3 |  3.6
Fighting       | |  1.7
Throwing       | |  1.7
Dodging        | |  2.6

Action                   || total
-------------------------++-------
Melee: Unarmed           ||    93
       Punch             ||     2
 Cast: Shock             ||     1
  Use: Potion            ||     1
Armor: Leather armour    ||    26
Dodge: Dodged            ||    65
